 Dungeon Crawl Stone Soup version 0.30-a0-949-g53dc5368d7 (webtiles) character file.

Game seed: 12026886353549048802

3 Dirtsage the Trooper (level 1, -2/18 HPs)
             Began as a Demonspawn Fighter on Mar 27, 2023.
             Slain by a kobold
             ... wielding a +1 dagger of electrocution
              (8 damage)
             ... on level 1 of the Dungeon.
             The game lasted 00:00:31 (187 turns).

Dirtsage the Trooper (Demonspawn Fighter)            Turns: 187, Time: 00:00:32

Health: -2/18      AC:  9    Str: 16    XL:     1   Next: 41%
Magic:  1/1        EV:  8    Int:  9    God:
Gold:   8          SH:  4    Dex: 12    Spells: 0/0 levels left

rFire   . . .      SeeInvis .    a - +0 war axe
rCold   . . .      Faith    .    c - +0 buckler
rNeg    . . .      Spirit   .    j - +3 scale mail
rPois   .          Reflect  .    (no helmet)
rElec   .          Rampage  .    (no cloak)
rCorr   .                        (no gloves)
Will    .....                    (no boots) Stlth
                                 (no amulet)
HPRegen 0.23/turn                (no ring)
MPRegen 0.07/turn                (no ring)

@: no status effects
A: no striking features
a: no special abilities


You were on level 1 of the Dungeon.
You visited 1 branch of the dungeon, and saw 1 of its levels.

You collected 8 gold pieces.

Inventory:

Hand Weapons
 a - a +0 war axe (weapon)
Armour
 b - a +0 scale mail
 c - a +0 buckler (worn)
 j - a +3 scale mail (worn)
 l - a scarf of shadows
Magical Staves
 e - a staff of conjuration
Scrolls
 g - 2 scrolls of teleportation {unknown}
 k - 2 scrolls of poison {unknown}
 m - a scroll of fear {unknown}
Potions
 d - a potion of might
 f - a potion of degeneration {unknown}
 h - a potion of flight {unknown}
 i - a potion of cancellation {unknown}
 n - a potion of resistance {unknown}


   Skills:
 - Level 3.0 Fighting
 + Level 2.1 Axes
 - Level 2.6 Armour
 - Level 2.6 Shields


You couldn't memorise any spells.
You didn't know any spells.
Your spell library was empty.

Dungeon Overview and Level Annotations

Branches:
Dungeon (1/15)

Altars:

Shops:
D:1 (


Message History

k - a scroll labelled MOITEI QIRACUR Health restored: 18
l - a scarf of shadows
Found a stone staircase leading down.
k - 2 scrolls labelled MOITEI QIRACUR (gained 1)
m - a scroll labelled QIUWNY SEIPLA
There is a stone staircase leading down here.
n - a fizzy red potion A kobold comes into view.
It is wielding a +1 dagger of electrocution.
The kobold shouts!
The kobold throws a stone.
You block the stone.
A frilled lizard comes into view.
The kobold throws a stone.
You block the stone.
A jackal comes into view.
The jackal barks!
You hear a bark!
The kobold barely misses you. The frilled lizard bites you.
You take 2 damage, and have 16/18 hp.
You closely miss the kobold. You miss the frilled lizard.
You block the kobold's attack. The frilled lizard barely misses you.
You barely miss the kobold. You closely miss the frilled lizard.
The kobold hits you with a +1 dagger of electrocution.
The frilled lizard bites you but does no damage. x2
The kobold hits you with a +1 dagger of electrocution.
You take 4 damage, and have 12/18 hp.
MASSIVE DAMAGE!!
You are too injured to fight recklessly!
You are too injured to fight recklessly!
You are too injured to fight recklessly!
You miss the kobold. You closely miss the frilled lizard.
The kobold hits you with a +1 dagger of electrocution.
The frilled lizard bites you but does no damage.
You take 3 damage, and have 9/18 hp.
You barely miss the kobold. You miss the frilled lizard.
A jackal comes into view.
The kobold misses you.
The frilled lizard bites you but does no damage.
You barely miss the kobold. You hit the frilled lizard.
You kill the frilled lizard!
The kobold hits you with a +1 dagger of electrocution.
You are electrocuted!
You die...

# ## #####.# .#
##...h. .# #h...
÷# #K.## .# #@..##
.# #....#
.######### .#
#....# .#.......#
÷#
#.##.##.#.......#
##
#.......#.......#
#
#.......#.......##
#
#.##.##.#.......#.
#
#.##.##.#........#
#
#.##....#.........


You could see 2 jackals and a kobold.

Vanquished Creatures
  An endoplasm (D:1)
  A giant cockroach (D:1)
  A ball python (D:1)
  A frilled lizard (D:1)
4 creatures vanquished.

Notes
Turn   | Place    | Note
-------+----------+-------------------------------------------
     0 | D:1      | Dirtsage the Demonspawn Fighter began the quest for the
                  | Orb.
     0 | D:1      | Reached XP level 1. HP: 18/18 MP: 1/1
    26 | D:1      | Found Myroirch's Antique Weapon Shoppe.
   187 | D:1      | Slain by a kobold

Illustrated notes

Levels and vault maps discovered:
D:1:      heliophobic_arrival_battle_scene, layout_loops_cross, serial_shops,
          shop

Skill      XL: |  1 |
---------------+----+-----
Axes           | 2 |  2.1
Fighting       | |  3.0
Armour         | |  2.6
Shields        | |  2.6

Action                     || total
---------------------------++-------
  Melee: War axe           ||    10
 Armour: Scale mail        ||     8
  Dodge: Dodged            ||     5
  Block: Buckler           ||     3

Table legend: (Time is in decaauts)
 A = Elapsed time spent in this place.
 B = Non-inter-level travel time spent in this place.
 C = Inter-level travel time spent in this place.
 D = Time resting spent in this place.
 E = Time spent auto-exploring this place.
 F = Levels seen in this place.
 G = Mean time per level.
                   A        B        C        D        E       F      G
               +--------+--------+--------+--------+--------+-----+--------+
         Total |    190 |    190 |      0 |      0 |    142 |   1 |  190.0 |
       Dungeon |    190 |    190 |      0 |      0 |    142 |   1 |  190.0 |
               +--------+--------+--------+--------+--------+-----+--------+

Top non-repeatable levels by time:
     D:1: 190 daAuts
